 Dungeon Crawl Stone Soup version 0.18-a0-1211-g828307d (webtiles) character file.

258 Fitzchum the Conjurer (level 5, -1/32 HPs)
             Began as a High Elf Conjurer on Jan 24, 2016.
             Slain by Menkaure (19 damage)
             ... on level 4 of the Dungeon on Feb 2, 2016.
             The game lasted 01:03:09 (3164 turns).

Fitzchum the Conjurer (High Elf Conjurer)           Turns: 3164, Time: 01:03:10

Health: -1/32      AC:  3    Str: 11    XL:     5   Next: 94%
Magic:  9/12       EV: 12    Int: 20    God:
Gold:   282        SH:  0    Dex: 15    Spells: 4 memorised, 3 levels left

rFire  + . .     SeeInvis .     (no weapon)
rCold  . . .     Gourm    .     j - +0 robe
rNeg   . . .     Faith    .     (no shield)
rPois  .         Spirit   .     (no helmet)
rElec  .         Dismiss  .     M - +0 cloak
rCorr  .         Reflect  .     (no gloves)
SustAt .         Harm     .     (no boots)
MR     .....                    (no amulet)
Stlth  ++........               y - +4 ring of strength
                                O - ring of protection from fire

@: not resistant to hostile enchantments, unstealthy
A: no striking features
a: no special abilities


You were on level 4 of the Dungeon.
You were not hungry.

You visited 1 branch of the dungeon, and saw 4 of its levels.

You collected 282 gold pieces.

Inventory:

Hand Weapons
 e - a +0 short sword
 g - a +0 spear
 h - a +2 dagger of draining
 i - a +2 dagger of draining {Monkrato}
 n - a +0 dagger
 q - a +0 dagger
 t - a +0 short sword
 w - a +0 hunting sling
 z - a +0 dagger
 C - a +0 dagger
 D - a +0 dagger
 G - a +0 dagger
 I - a +0 short sword
 J - a +0 dagger
 K - a +0 dagger
 N - a +0 dagger
Missiles
 v - 44 stones (quivered)
 Q - 16 poisoned needles
Armour
 j - a +0 robe (worn)
 l - a +0 robe
 B - a +0 robe
 H - a +0 cloak
 L - a +0 robe
 M - a +0 cloak (worn)
Jewellery
 u - an uncursed ring of protection from cold
 y - a +4 ring of strength (right hand)
 O - a ring of protection from fire (left hand)
Wands
 k - a wand of paralysis (9/24)
 S - a wand of lightning (0/15)
Scrolls
 d - a scroll of teleportation
 m - a scroll of identify
 p - a scroll of amnesia {unknown}
 r - a scroll of remove curse
 E - a scroll of enchant armour {unknown}
 P - a scroll of magic mapping
Potions
 f - a potion of brilliance
 o - a potion of curing
 F - 2 potions of haste
 R - a potion of heal wounds
Books
 b - a book of Conjurations

   Spells                             Type                      Level
   a - Magic Dart                     Conjuration                  1
   b - Searing Ray                    Conjuration                  2
   c - Dazzling Spray                 Conjuration/Hexes            3
   d - Fulminant Prism                Conjuration/Hexes            4
   e - Iskenderun's Mystic Blast      Conjuration                  4
   f - Iskenderun's Battlesphere      Conjuration/Charms           5
Comestibles
 a - 10 chunks of flesh
 c - 2 bread rations
 s - 2 meat rations
 x - 3 fruits
 A - a beef jerky


   Skills:
 * Level 0.4 Fighting
 - Level 0.5 Short Blades
 - Level 2.1 Dodging
 - Level 2.1 Stealth
 * Level 4.5 Spellcasting
 * Level 6.5 Conjurations
 * Level 1.0 Hexes
 + Level 0.4 Evocations


You had 3 spell levels left.
You knew the following spells:

 Your Spells              Type           Power        Failure   Level  Hunger
a - Magic Dart            Conj           ####         1%          1    None
b - Searing Ray           Conj           ####..       1%          2    #......
c - Iskenderun's Mystic   Conj           ####....     10%         4    ####...
d - Dazzling Spray        Conj/Hex       ###.....     10%         3    ##.....


Dungeon Overview and Level Annotations

Branches:
Dungeon (4/15)
 Temple: D:4-7

Altars:
Cheibriados
Elyvilon

Shops:
D:4 %

Annotations:
D:4 Menkaure


Message History

This wand has 0 charges left.
Menkaure gestures at you while chanting.
Pain shoots through your body!
Evoke which item? (* to show all) (? for menu, Esc to quit)
Okay, then.
Read which item? (? for menu, Esc to quit)
Okay, then.
Casting: Magic Dart
Confirm with . or Enter, or press ? or * to list all spells.
Aiming: Searing Ray
Press: ? - help, Shift-Dir - straight line, f/p - Menkaure
Aim: Menkaure (heavily damaged, fast)
The searing ray hits Menkaure.
Menkaure is severely damaged.
Menkaure hits you!
The searing ray hits Menkaure.
Menkaure is almost destroyed.
Menkaure hits you!!
Ouch! That really hurt!
You die...

.... ....
..... .8..#
....#
#.8..#
#####.....+
#.M....8..#
#@###.....#
#.# #..8..#
#.# ......
#.# ##..#
#.# ## #.#
#.# #.# #>#


You could see Menkaure.

Vanquished Creatures
  2 orc priests (D:4)
  2 orc wizards
  An iguana (D:4)
  3 adders
  3 worms
  A giant gecko (D:1)
  10 orcs
  6 giant cockroaches
  11 goblins
  5 hobgoblins
  A quokka (D:2)
  8 bats
  5 giant newts
  10 kobolds
  6 rats
74 creatures vanquished.

Notes
Turn   | Place    | Note
--------------------------------------------------------------
     0 | D:1      | Fitzchum the High Elf Conjurer began the quest for the Orb.
     0 | D:1      | Reached XP level 1. HP: 11/11 MP: 4/4
     7 | D:1      | Noticed a wolf
     7 | D:1      | Noticed a wyvern
     7 | D:1      | Noticed a swamp worm
     8 | D:1      | Noticed a redback
     8 | D:1      | Noticed a water moccasin
   364 | D:1      | Reached XP level 2. HP: 17/17 MP: 3/6
   368 | D:1      | Learned a level 2 spell: Searing Ray
   886 | D:2      | Reached skill level 5 in Conjurations
   916 | D:2      | Found a white marble altar of Elyvilon.
  1153 | D:2      | Reached XP level 3. HP: 7/21 MP: 1/8
  1210 | D:2      | Found a snail-covered altar of Cheibriados.
  1765 | D:3      | Found a faded altar to an unknown god.
  1816 | D:3      | Reached XP level 4. HP: 27/27 MP: 6/9
  2074 | D:3      | Upgraded the game from 0.18-a0-1160-geb89fc2 to 0.18-a0-1171-ga8e22e7
  2079 | D:3      | Learned a level 4 spell: Iskenderun's Mystic Blast
  2083 | D:3      | Learned a level 3 spell: Dazzling Spray
  2203 | D:3      | Reached skill level 6 in Conjurations
  2401 | D:3      | Upgraded the game from 0.18-a0-1171-ga8e22e7 to 0.18-a0-1197-g8004e50
  2740 | D:4      | Reached XP level 5. HP: 32/32 MP: 0/11
  2827 | D:4      | Found Searuz's Food Shop.
  2835 | D:4      | Upgraded the game from 0.18-a0-1197-g8004e50 to 0.18-a0-1211-g828307d
  2973 | D:4      | Reached skill level 1 in Hexes
  3155 | D:4      | Noticed Menkaure
  3164 | D:4      | Slain by Menkaure

Vault maps used:
D:1:      onia_arrival_zoo_common
D:2:      lemuel_round_altar, old_standard_altar
D:3:      ecumenical_altar_2
D:4:      zin_statuary, serial_shops,
          nicolae_shop_temple_entry_statues_fountains, uniq_menkaure

Action                   |  1- 3 |  4- 6 || total
-------------------------+-------+-------++-------
Melee: Short sword       |     1 |       ||     1
       Dagger            |    23 |    12 ||    35
 Cast: Magic Dart        |    67 |    45 ||   112
       Searing Ray       |     3 |     6 ||     9
       Iskenderun's Myst |       |     1 ||     1
Evoke: Wand              |       |    12 ||    12
  Use: Potion            |       |     3 ||     3
       Scroll            |       |    12 ||    12
  Eat: Chunk             |     3 |     3 ||     6
       Fruit             |       |     2 ||     2
